[Event "Titled Tuesday Blitz May 16 Early 2023"]
[White "Zhigalko, Sergei"]
[Black "Pultinevicius, Paulius"]
[WhiteFideId "13502956"]
[BlackFideId "12809390"]
[WhiteElo "2626"]
[BlackElo "2540"]
[Result "1-0"]
[Round "04"]
[TimeControl "180+2"]
[Date "2023.05.16"]
[WhiteClock "0:00:03"]
[BlackClock "0:00:00"]

1. e4 c6 2. d4 d5 3. e5 Bf5 4. Nf3 e6 5. Be2 h6 6. O-O Ne7 7. Nbd2 Nd7 8. a4 a6 9. a5 Rc8 10. b4 Ng6 11. c3 Nf4 12. Nb3 Nxe2+ 13. Qxe2 Be7 14. Re1 O-O 15. Bf4 g5 16. Be3 Kg7 17. Nc5 Rc7 18. Nd2 Rh8 19. Ndb3 Nf8 20. Ra2 h5 21. f3 Ng6 22. Rf1 Nf4 23. Qd2 h4 24. h3 Nh5 25. Re1 Rh6 26. Nd3 Rg6 27. Nf2 f6 28. exf6+ Bxf6 29. Nc5 Be7 30. Ng4 Bd6 31. Qc1 Nf4 32. Bxf4 gxf4 33. Rae2 Qg8 34. Kh1 Kf8 35. Qd2 Re7 36. Ne5 Bxe5 37. Rxe5 Ke8 38. R1e2 Bxh3 39. Rh5 Bf5 40. Qxf4 Kf7 41. Qxh4 Re8 42. Nd7 1-0


[Site "https://www.chess.com"]

[Event "Titled Tuesday Blitz May 16 Early 2023"]
[White "Hakobyan, Aram"]
[Black "Boyer, Mahel"]
[WhiteFideId "13306677"]
[BlackFideId "45102422"]
[WhiteElo "2584"]
[BlackElo "2439"]
[Result "1-0"]
[Round "04"]
[TimeControl "180+2"]
[Date "2023.05.16"]
[WhiteClock "0:01:26"]
[BlackClock "0:00:04"]

1. d4 d6 2. e4 Nf6 3. Bd3 e5 4. c3 Nc6 5. Nf3 g6 6. O-O Bg7 7. Re1 O-O 8. Nbd2 a5 9. h3 exd4 10. Nxd4 Nh5 11. N2f3 Ne5 12. Be2 Nf6 13. Qc2 Re8 14. Bf4 c6 15. Rad1 Qb6 16. Be3 Qc7 17. Nxe5 dxe5 18. Nf3 a4 19. b3 Be6 20. Ng5 axb3 21. axb3 Bc8 22. Bc4 Re7 23. Bc5 b5 24. Bd6 Qb7 25. Bxe7 bxc4 26. Rd8+ Ne8 27. Rxe8+ 1-0


[Site "https://www.chess.com"]

[Event "Titled Tuesday Blitz May 16 Early 2023"]
[White "Tabatabaei, M. Amin"]
[Black "Kravtsiv, Martyn"]
[WhiteFideId "12521213"]
[BlackFideId "14113147"]
[WhiteElo "2575"]
[BlackElo "2695"]
[Result "1-0"]
[Round "04"]
[TimeControl "180+2"]
[Date "2023.05.16"]
[WhiteClock "0:00:03"]
[BlackClock "0:00:00"]

1. c4 e6 2. g3 d5 3. Bg2 Nf6 4. Nf3 Be7 5. O-O O-O 6. b3 b6 7. Bb2 Bb7 8. d4 dxc4 9. bxc4 c5 10. d5 exd5 11. Nh4 Qd7 12. cxd5 Nxd5 13. e4 Bf6 14. e5 Bxh4 15. gxh4 Rd8 16. h5 Nf4 17. Qxd7 Rxd7 18. Bxb7 Rxb7 19. h6 Nc6 20. hxg7 Re7 21. Nd2 Nxe5 22. Kh1 f6 23. Ne4 Kxg7 24. Nd6 Kh8 25. Rad1 Rg8 26. Nf5 Re6 27. Rfe1 Nfd3 28. Re2 Nxb2 29. Rxb2 Nf3 30. Rb3 Nd4 31. Nxd4 cxd4 32. Rbd3 Re2 33. Rf3 Rg6 34. h3 Rxa2 35. Rxd4 Re2 36. Rd8+ Kg7 37. Rd7+ Kh6 38. Rxa7 Rc2 39. Rb7 Rc1+ 40. Kh2 Rcg1 41. h4 R1g2+ 42. Kh3 Rg1 43. Kh2 R1g4 44. Kh3 Rb4 45. Rb8 Rb1 46. Kh2 b5 47. Rb6 Rb4 48. Kh3 Rb1 49. Kh2 Rb4 50. Kh3 Rb1 51. Rg3 1-0


[Site "https://www.chess.com"]

[Event "Titled Tuesday Blitz May 16 Early 2023"]
[White "Fernandez Guillen, Ernesto J."]
[Black "Le, Tuan Minh"]
[WhiteFideId "3512428"]
[BlackFideId "12401153"]
[WhiteElo "2429"]
[BlackElo "2566"]
[Result "0-1"]
[Round "04"]
[TimeControl "180+2"]
[Date "2023.05.16"]
[WhiteClock "0:00:04"]
[BlackClock "0:00:19"]

1. e4 c5 2. Nf3 Nf6 3. e5 Nd5 4. Nc3 Nxc3 5. dxc3 Nc6 6. Bf4 e6 7. Qd2 h6 8. O-O-O Qc7 9. h4 b6 10. Qe3 Bb7 11. Nd2 Ne7 12. Nc4 Nd5 13. Qg3 O-O-O 14. Nd6+ Bxd6 15. exd6 Qc6 16. c4 Nxf4 17. Qxf4 f6 18. Qg3 g5 19. f3 Kb8 20. Bd3 Qc8 21. a3 Rdg8 22. Rd2 Qf8 23. h5 f5 24. Qe5 Qg7 25. Re1 g4 26. f4 g3 27. b4 Qxe5 28. fxe5 Rg4 29. bxc5 bxc5 30. Kb2 a6 31. Kc3 Ka7 32. Ree2 Rh4 33. Rd1 Rxh5 34. Rb1 Bc6 35. a4 Rb8 36. Rxb8 Kxb8 37. a5 Rh2 38. Re1 h5 39. Rb1+ Ka7 40. Rb6 Bxg2 41. Bxf5 Bb7 42. Bxe6 g2 43. Bd5 Bxd5 44. cxd5 g1=Q 45. e6 Qd4+ 0-1


[Site "https://www.chess.com"]

[Event "Titled Tuesday Blitz May 16 Early 2023"]
[White "Ter-Sahakyan, Samvel"]
[Black "Yanchenko, Roman"]
[WhiteFideId "13302531"]
[BlackFideId "4137329"]
[WhiteElo "2545"]
[BlackElo "2491"]
[Result "0-1"]
[Round "04"]
[TimeControl "180+2"]
[Date "2023.05.16"]
[WhiteClock "0:00:00"]
[BlackClock "0:00:16"]

1. d4 d5 2. c4 c6 3. Nf3 Nf6 4. Nc3 a6 5. cxd5 cxd5 6. Bf4 Nc6 7. e3 e6 8. Bd3 Be7 9. Ne5 Bd7 10. Rc1 Rc8 11. O-O O-O 12. Qf3 Nxe5 13. Bxe5 Qb6 14. Rc2 Bb5 15. Nxb5 Rxc2 16. Bxc2 Qxb5 17. Rb1 Rc8 18. Qd1 Qd7 19. Bd3 h6 20. Rc1 Ne8 21. Rxc8 Qxc8 22. Bg3 Bd6 23. Bh4 Qc7 24. f4 Be7 25. Be1 f5 26. Qc2 Qxc2 27. Bxc2 Kf7 28. h3 Nd6 29. b3 Ne4 30. g4 g6 31. Bd3 Ba3 32. Kg2 Bd6 33. Kf3 Ke7 34. a4 Kd7 35. h4 h5 36. gxh5 gxh5 37. b4 Kc7 38. b5 Kb6 39. a5+ Ka7 40. Ke2 Be7 41. bxa6 bxa6 42. Kd1 Kb7 43. Kc2 Nf6 44. Be2 Bd8 45. Kb3 Ng4 46. Bxg4 fxg4 47. Ka4 Kc6 48. Bg3 Kd7 49. Kb4 Be7+ 50. Kb3 Ke8 51. Kc2 Bb4 52. Kd3 Bxa5 53. e4 Bc7 54. Ke3 a5 55. Be1 Kd7 56. f5 exf5 57. exf5 Ke7 58. Kd3 Kf6 0-1


[Site "https://www.chess.com"]

[Event "Titled Tuesday Blitz May 16 Early 2023"]
[White "Van Foreest, Jorden"]
[Black "Tatarinov, Dmitry"]
[WhiteFideId "1039784"]
[BlackFideId "24160067"]
[WhiteElo "2633"]
[BlackElo "2326"]
[Result "1-0"]
[Round "04"]
[TimeControl "180+2"]
[Date "2023.05.16"]
[WhiteClock "0:00:40"]
[BlackClock "0:00:57"]

1. d4 Nf6 2. Nf3 e6 3. Bf4 c5 4. e3 d5 5. Nbd2 Bd6 6. c3 O-O 7. Bd3 Nc6 8. dxc5 Bxc5 9. O-O Bd6 10. Bxd6 Qxd6 11. e4 dxe4 12. Nxe4 Nxe4 13. Bxe4 Qc7 14. Re1 h6 15. b4 Rd8 16. Qe2 Bd7 17. a4 Rac8 18. Qe3 Be8 19. h3 b6 20. Rec1 a5 21. Rab1 Nb8 22. bxa5 bxa5 23. Ne5 Qc5 24. Qe2 Bxa4 25. c4 Bc6 26. Rxb8 Rxb8 27. Nxc6 Qa3 28. Qe1 a4 29. Nxd8 Rxd8 30. c5 Qb2 31. c6 a3 32. c7 Rc8 33. Qd1 a2 1-0


[Site "https://www.chess.com"]

[Event "Titled Tuesday Blitz May 16 Early 2023"]
[White "Halkias, Stelios"]
[Black "Maghsoodloo, Parham"]
[WhiteFideId "4201809"]
[BlackFideId "12539929"]
[WhiteElo "2451"]
[BlackElo "2655"]
[Result "1/2-1/2"]
[Round "04"]
[TimeControl "180+2"]
[Date "2023.05.16"]
[WhiteClock "0:00:05"]
[BlackClock "0:00:08"]

1. Nf3 Nf6 2. c4 e6 3. g3 d5 4. d4 Bb4+ 5. Nbd2 O-O 6. Bg2 a5 7. O-O b6 8. Qc2 Ba6 9. b3 Nbd7 10. Bb2 c6 11. Rac1 Rc8 12. a3 Bd6 13. e4 dxe4 14. Nxe4 Nxe4 15. Qxe4 Qe7 16. a4 Bb4 17. h4 h6 18. Rfd1 Rfd8 19. Ne5 Nxe5 20. dxe5 Bc5 21. Qf4 Bb7 22. Qg4 Ba3 23. Bxa3 Qxa3 24. Rxd8+ Rxd8 25. Rd1 Rf8 26. Qf3 Ba8 27. Qe3 b5 28. cxb5 cxb5 29. Bxa8 Rxa8 30. axb5 Rb8 31. b6 Qb4 32. Rd6 Rc8 33. Qd3 Rc1+ 34. Kg2 g6 35. Qf3 Rc8 36. b7 Rf8 37. Rd7 Qb5 38. Re7 Qxe5 39. Qc6 Kg7 40. Rc7 g5 41. hxg5 hxg5 42. Rc8 g4 43. Rxf8 Kxf8 44. Qc8+ Kg7 45. b8=Q Qe4+ 46. Kg1 Qb1+ 47. Kg2 Qe4+ 48. Kh2 Qh7+ 49. Kg1 Qb1+ 50. Kg2 Qe4+ 1/2-1/2


[Site "https://www.chess.com"]

[Event "Titled Tuesday Blitz May 16 Early 2023"]
[White "Lenderman, Aleksandr"]
[Black "Simonian, Hrair"]
[WhiteFideId "2021285"]
[BlackFideId "13302337"]
[WhiteElo "2607"]
[BlackElo "2447"]
[Result "1-0"]
[Round "04"]
[TimeControl "180+2"]
[Date "2023.05.16"]
[WhiteClock "0:01:08"]
[BlackClock "0:00:01"]

1. Nf3 Nf6 2. d4 b6 3. g3 Bb7 4. Bg2 e6 5. O-O Be7 6. c4 d5 7. cxd5 exd5 8. Nc3 O-O 9. Bf4 c6 10. Qc2 Re8 11. Rfd1 Nbd7 12. Rac1 Nf8 13. Bg5 Ne6 14. Bxf6 Bxf6 15. e3 Qd6 16. Qb1 Rac8 17. e4 dxe4 18. Nxe4 Qd8 19. Ne5 Nxd4 20. Nxf6+ Qxf6 21. Rxd4 Qxe5 22. Rd7 Rc7 23. Qd3 Ba6 24. Qd6 Qxd6 25. Rxd6 c5 26. b4 Rce7 27. Bc6 Re1+ 28. Rxe1 Rxe1+ 29. Kg2 g6 30. b5 Ra1 31. bxa6 Rxa2 32. Bb5 Ra5 33. Bc4 b5 34. Bd5 c4 35. Rc6 Kg7 36. Rc5 Rxa6 37. Rxb5 c3 38. Rc5 Rd6 39. Be4 Re6 40. Bc2 h5 41. Rxc3 Re7 42. Rc6 Rd7 43. Ra6 Rc7 44. Be4 Rd7 45. h4 Rc7 46. Bd5 Rd7 47. Ba2 Rc7 48. Kf3 Rc3+ 49. Ke2 Rc7 50. Ke3 Rc3+ 51. Kd2 Rc7 52. Kd3 Rd7+ 53. Ke3 Rc7 54. Kd4 Rd7+ 55. Bd5 Rc7 56. f4 Re7 57. Kc5 Re3 58. Rxa7 Rxg3 59. Rxf7+ Kh6 60. Re7 Rc3+ 61. Kd4 Rc8 62. Ke5 Rf8 63. Be4 Rg8 64. Re6 Rg7 65. Rxg6+ Rxg6 66. Bxg6 1-0


[Site "https://www.chess.com"]

[Event "Titled Tuesday Blitz May 16 Early 2023"]
[White "Itgelt, Khuyagtsogt"]
[Black "Kovalenko, Igor"]
[WhiteFideId "4902912"]
[BlackFideId "14117908"]
[WhiteElo "2227"]
[BlackElo "2574"]
[Result "0-1"]
[Round "04"]
[TimeControl "180+2"]
[Date "2023.05.16"]
[WhiteClock "0:00:00"]
[BlackClock "0:01:12"]

1. d4 Nf6 2. c4 e6 3. Nf3 d5 4. g3 Bb4+ 5. Bd2 a5 6. Bg2 O-O 7. Qc2 b6 8. a3 Be7 9. O-O Ba6 10. Ne5 Ra7 11. Rc1 c5 12. cxd5 Nxd5 13. dxc5 Bxc5 14. e3 Rc7 15. Nc3 Bd6 16. Nf3 Nd7 17. e4 Nxc3 18. Bxc3 Nc5 19. Rd1 Rd7 20. Rd2 a4 21. Rad1 Nb3 22. Rxd6 Rxd6 23. Rxd6 Qxd6 24. Bb4 Nc5 25. e5 Qd3 26. Qxd3 Bxd3 27. Nd4 Rc8 28. Nc6 Rc7 29. f4 h6 30. Kf2 Bb5 31. Nd4 Bd7 32. Ke3 Nb3 33. Nxb3 axb3 34. Bc3 Bc6 35. Bf1 Bd5 36. Kd4 Rd7 37. Ke3 Rd8 38. Be2 g5 39. Bb4 Rc8 40. Bc3 Kg7 41. Kd2 gxf4 42. gxf4 Kg6 43. Bd3+ Kh5 44. Ke3 Kg4 45. Be1 Kh3 46. Bg3 Kg2 0-1


[Site "https://www.chess.com"]

[Event "Titled Tuesday Blitz May 16 Early 2023"]
[White "Nguyen, Ngoc Truong Son"]
[Black "Gheorghiu, Calin"]
[WhiteFideId "12401110"]
[BlackFideId "1200305"]
[WhiteElo "2556"]
[BlackElo "2223"]
[Result "1-0"]
[Round "04"]
[TimeControl "180+2"]
[Date "2023.05.16"]
[WhiteClock "0:00:10"]
[BlackClock "0:00:01"]

1. d4 Nf6 2. Nf3 e6 3. Bf4 d5 4. e3 Bd6 5. Bg3 b6 6. Bd3 Bb7 7. Nbd2 O-O 8. c3 c5 9. Ne5 Nc6 10. f4 Ne7 11. Bh4 Ne4 12. Bxe4 dxe4 13. Ndc4 f6 14. dxc5 Bxe5 15. fxe5 Nf5 16. Qxd8 Raxd8 17. Bf2 bxc5 18. g4 Ba6 19. gxf5 Bxc4 20. b3 Bd3 21. fxe6 Rde8 22. e7 Rxe7 23. exf6 Ref7 24. Bh4 gxf6 25. Rg1+ Rg7 26. Kf2 Rxg1 27. Rxg1+ Kf7 28. Rg4 Re8 29. Rf4 Re6 30. Rf5 Rc6 31. Kg3 Bb1 32. a3 Ba2 33. b4 cxb4 34. cxb4 Bc4 35. b5 Re6 36. a4 Bd3 37. Kf4 Kg6 38. Be1 Re5 39. Rxe5 fxe5+ 40. Kxe5 Kf7 41. Bc3 Ke7 42. Kd5 Kd7 43. Bd4 Bc2 44. a5 Ba4 45. Kc4 a6 46. bxa6 Bc6 47. Kc5 Ba8 48. Be5 Kc8 49. Kd6 h5 50. h4 Kd8 51. Bd4 Kc8 52. Bb6 Kb8 53. Bc5 Kc8 54. Bd4 Kb8 55. Bb6 Kc8 56. Bc7 Bd5 57. Kxd5 Kxc7 58. Kxe4 1-0


[Site "https://www.chess.com"]

[Event "Titled Tuesday Blitz May 16 Early 2023"]
[White "Mitrabha, Guha"]
[Black "Domingo Nunez, Ruben"]
[WhiteFideId "5057000"]
[BlackFideId "22245570"]
[WhiteElo "2507"]
[BlackElo "2404"]
[Result "1-0"]
[Round "04"]
[TimeControl "180+2"]
[Date "2023.05.16"]
[WhiteClock "0:02:08"]
[BlackClock "0:00:36"]

1. Nf3 g6 2. d4 Bg7 3. c4 d6 4. Nc3 Nd7 5. g3 Ngf6 6. Bg2 O-O 7. O-O c5 8. b3 Rb8 9. Bb2 a6 10. a4 b6 11. d5 Ne8 12. Qc2 Nc7 13. Nd1 f6 14. Bc3 b5 15. a5 bxc4 16. bxc4 Ne5 17. Nb2 Bd7 18. Nd2 Ne8 19. h3 Rb7 20. f4 Nf7 21. Na4 Bxa4 22. Rxa4 f5 23. e4 Bxc3 24. Qxc3 Qd7 25. Raa1 fxe4 26. Nxe4 Rb4 27. Rab1 Rxb1 28. Rxb1 Nc7 29. Rb7 Qc8 30. Qb3 Nd8 31. Rb6 Na8 32. Rb8 Qc7 33. Rxa8 Qxa5 34. Kh2 Ne6 35. Rxf8+ Nxf8 36. Qb7 1-0


[Site "https://www.chess.com"]

[Event "Titled Tuesday Blitz May 16 Early 2023"]
[White "Khandelwal, Ankush"]
[Black "Kramnik, Vladimir"]
[WhiteFideId "413470"]
[BlackFideId "4101588"]
[WhiteElo "2263"]
[BlackElo "2703"]
[Result "0-1"]
[Round "04"]
[TimeControl "180+2"]
[Date "2023.05.16"]
[WhiteClock "0:00:00"]
[BlackClock "0:01:11"]

1. e4 c5 2. Nf3 d6 3. d4 cxd4 4. Nxd4 Nf6 5. Nc3 Nc6 6. Bg5 Bd7 7. Qd2 a6 8. O-O-O e6 9. f3 Nxd4 10. Qxd4 Be7 11. Kb1 Qc7 12. g4 h5 13. gxh5 Nxh5 14. Bxe7 Kxe7 15. Rg1 Qc5 16. Qd2 Qe5 17. Ne2 Bc6 18. Rg5 Qxh2 19. e5 Rad8 20. f4 dxe5 21. Qb4+ Kf6 22. Rxd8 Rxd8 23. Nc1 Qxf4 0-1


[Site "https://www.chess.com"]

[Event "Titled Tuesday Blitz May 16 Early 2023"]
[White "Orzech, Dominik"]
[Black "Steinberg, Nitzan"]
[WhiteFideId "1115065"]
[BlackFideId "2801795"]
[WhiteElo "2260"]
[BlackElo "2486"]
[Result "1/2-1/2"]
[Round "04"]
[TimeControl "180+2"]
[Date "2023.05.16"]
[WhiteClock "0:00:31"]
[BlackClock "0:01:06"]

1. d4 Nf6 2. Nf3 g6 3. c4 Bg7 4. g3 O-O 5. Bg2 d6 6. O-O Nbd7 7. Nc3 e5 8. e4 c6 9. h3 Re8 10. Re1 a5 11. Be3 b6 12. dxe5 dxe5 13. Qd6 Bb7 14. Rad1 Bf8 15. Qd3 Qc7 16. Na4 Ba6 17. Qc2 Rab8 18. a3 h6 19. Bf1 Kh7 20. Rd2 Be7 21. Red1 Nf8 22. c5 b5 23. Nb6 Bc8 24. a4 b4 25. Nc4 N8d7 26. Nd6 Bxd6 27. Rxd6 Kg7 28. Bc4 Nf8 29. Rxf6 Kxf6 30. Bxh6 Be6 31. Rd6 1/2-1/2


[Site "https://www.chess.com"]

[Event "Titled Tuesday Blitz May 16 Early 2023"]
[White "Sieciechowicz, Marcin"]
[Black "Martinez Alcantara, Jose Eduardo"]
[WhiteFideId "1130170"]
[BlackFideId "3805662"]
[WhiteElo "2302"]
[BlackElo "2711"]
[Result "0-1"]
[Round "04"]
[TimeControl "180+2"]
[Date "2023.05.16"]
[WhiteClock "0:00:12"]
[BlackClock "0:00:44"]

1. d4 Nf6 2. c4 e6 3. Nc3 Bb4 4. Qc2 d6 5. Bd2 Nc6 6. Nf3 O-O 7. a3 Bxc3 8. Bxc3 Qe7 9. e4 e5 10. d5 Nb8 11. Bd3 Nbd7 12. b4 Re8 13. O-O Nf8 14. c5 Ng6 15. Rfe1 Bd7 16. cxd6 cxd6 17. Rac1 a6 18. Bb2 Nf4 19. Bf1 Rac8 20. Qd2 Rxc1 21. Qxc1 Bb5 22. Bxb5 axb5 23. Qe3 Qd7 24. Nd2 h5 25. f3 h4 26. Rc1 Rc8 27. Rxc8+ Qxc8 28. g3 N4h5 29. Kf2 hxg3+ 30. hxg3 Qh3 31. Nf1 Nxg3 32. Nxg3 Qh2+ 33. Kf1 Qxg3 34. Bc3 Ng4 0-1


[Site "https://www.chess.com"]

[Event "Titled Tuesday Blitz May 16 Early 2023"]
[White "Lazavik, Denis"]
[Black "Postny, Evgeny"]
[WhiteFideId "13515110"]
[BlackFideId "2804344"]
[WhiteElo "2560"]
[BlackElo "2504"]
[Result "1-0"]
[Round "04"]
[TimeControl "180+2"]
[Date "2023.05.16"]
[WhiteClock "0:00:07"]
[BlackClock "0:00:00"]

1. d4 Nf6 2. c4 e6 3. Nf3 b6 4. g3 Ba6 5. b3 b5 6. Qc2 bxc4 7. bxc4 Bb4+ 8. Bd2 Bxd2+ 9. Nbxd2 O-O 10. Bg2 d5 11. O-O Nbd7 12. Rfc1 c6 13. Qa4 Bb7 14. Rab1 Qc7 15. cxd5 exd5 16. Ne5 Nxe5 17. dxe5 Nd7 18. Bxd5 Nxe5 19. Bg2 Rad8 20. Ne4 Bc8 21. Nc5 Bg4 22. Rb2 Qd6 23. h3 Bf5 24. Nb7 Qd4 25. Qxd4 Rxd4 26. Rc5 Nc4 27. Rb4 Be6 28. Bxc6 Rd1+ 29. Kg2 Nb6 30. a4 Rd2 31. a5 Nd7 32. Bxd7 Bxd7 33. e3 Be6 34. e4 g6 35. a6 Kg7 36. Na5 Re8 37. Nc6 Bd7 38. Nxa7 Ra2 39. Rb7 Bc8 40. Nxc8 Rxa6 41. Rcc7 1-0


[Site "https://www.chess.com"]

[Event "Titled Tuesday Blitz May 16 Early 2023"]
[White "Dimitrov, Atanas"]
[Black "Pap, Gyula"]
[WhiteFideId "2901315"]
[BlackFideId "725323"]
[WhiteElo "2709"]
[BlackElo "2519"]
[Result "1/2-1/2"]
[Round "04"]
[TimeControl "180+2"]
[Date "2023.05.16"]
[WhiteClock "0:01:04"]
[BlackClock "0:00:59"]

1. Nf3 d5 2. e3 Nf6 3. c4 e6 4. Nc3 a6 5. b3 c5 6. cxd5 exd5 7. d4 Nc6 8. Be2 Bg4 9. O-O Bxf3 10. Bxf3 cxd4 11. exd4 Bb4 12. Bb2 Bxc3 13. Bxc3 O-O 14. Qd3 Re8 15. Rfe1 Qd6 16. g3 Nb4 17. Bxb4 Qxb4 18. Re5 g6 19. Kg2 Rad8 20. Qe3 Kg7 21. Rc1 Qd6 22. Re1 Qb4 23. Rc1 Qd6 24. Re1 Qb4 25. Rc1 1/2-1/2


[Site "https://www.chess.com"]

[Event "Titled Tuesday Blitz May 16 Early 2023"]
[White "Ibarra Jerez, Jose Carlos"]
[Black "AnujShrivatri21"]
[WhiteFideId "2226332"]
[WhiteElo "2638"]
[BlackElo "2709"]
[Result "1-0"]
[Round "04"]
[TimeControl "180+2"]
[Date "2023.05.16"]
[WhiteClock "0:00:58"]
[BlackClock "0:00:18"]

1. e4 c6 2. Nf3 d5 3. d3 Qc7 4. exd5 cxd5 5. c4 Nf6 6. Nc3 g6 7. Nb5 Qd8 8. Bf4 Na6 9. Qa4 Bd7 10. Qxa6 bxa6 11. Nc7+ Qxc7 12. Bxc7 Bg7 13. Be5 O-O 14. Be2 Nh5 15. Bxg7 Kxg7 16. Ne5 Be6 17. Bxh5 gxh5 18. b3 Kf6 19. Nf3 Bg4 20. Ke2 e5 21. h3 Bf5 22. Rac1 Rfd8 23. Rhd1 Rac8 24. Ke3 a5 25. Nh4 Be6 26. f4 exf4+ 27. Kxf4 a4 28. Nf3 axb3 29. axb3 Rb8 30. Nd4 dxc4 31. dxc4 Rdc8 32. Rc3 a5 33. Ra1 Rc5 34. Rf3 Ke7 35. Re3 Kf6 36. Ke4 Rb4 37. Rf3+ Ke7 38. Kd3 a4 39. Nxe6 Rxb3+ 40. Kd4 1-0


[Site "https://www.chess.com"]

[Event "Titled Tuesday Blitz May 16 Early 2023"]
[White "Ehlvest, Jaan"]
[Black "Drozdowski, Kacper"]
[WhiteFideId "4500016"]
[BlackFideId "1136720"]
[WhiteElo "2442"]
[BlackElo "2497"]
[Result "0-1"]
[Round "04"]
[TimeControl "180+2"]
[Date "2023.05.16"]
[WhiteClock "0:00:00"]
[BlackClock "0:00:08"]

1. e4 c5 2. Nf3 e6 3. g3 Nc6 4. Bg2 Nf6 5. e5 Ng4 6. O-O Ngxe5 7. Nxe5 Nxe5 8. d4 cxd4 9. Qxd4 Nc6 10. Qg4 d5 11. c4 Ne5 12. Qe2 Nxc4 13. Nc3 Be7 14. Re1 Nb6 15. a4 a5 16. Bf4 Bd7 17. Nb5 Rc8 18. Nd6+ Bxd6 19. Bxd6 Nc4 20. Bf4 O-O 21. b3 Nb6 22. Bd2 Na8 23. Qe5 b6 24. Bc3 f6 25. Qe3 Nc7 26. Qxb6 Rb8 27. Qd6 Ne8 28. Qc5 Qb6 29. Qxa5 Qxa5 30. Bxa5 Rxb3 31. Bd2 Nd6 32. a5 Ra8 33. a6 Nc4 34. Bf4 Rb6 35. a7 Kf7 36. Rec1 Bc6 37. Bc7 Rb7 38. Bb8 Rb6 39. Bc7 Rb7 40. Bb8 Bb5 41. Ra2 Ke7 42. f4 g6 43. g4 f5 44. gxf5 gxf5 45. Kf2 Kd7 46. Bf3 Nd6 47. Rac2 Raxa7 48. Bxa7 Rxa7 49. Rc5 Bc4 50. Kg3 Ra3 51. Rb1 Ne4+ 52. Kg2 Nxc5 0-1


[Site "https://www.chess.com"]

[Event "Titled Tuesday Blitz May 16 Early 2023"]
[White "Papasimakopoulos, Alexandros"]
[Black "Swiercz, Dariusz"]
[WhiteFideId "4244125"]
[BlackFideId "1126881"]
[WhiteElo "2359"]
[BlackElo "2620"]
[Result "0-1"]
[Round "04"]
[TimeControl "180+2"]
[Date "2023.05.16"]
[WhiteClock "0:00:03"]
[BlackClock "0:00:13"]

1. d4 Nf6 2. c4 g6 3. Nc3 Bg7 4. Bg5 O-O 5. e3 c5 6. d5 Qa5 7. Qd2 e6 8. Nf3 d6 9. h3 Na6 10. Be2 Nc7 11. dxe6 Bxe6 12. O-O Qb6 13. Rfd1 Rad8 14. e4 Na6 15. Rac1 Nb4 16. b3 Nc6 17. Bh6 Ne5 18. Bxg7 Kxg7 19. Qf4 Nxf3+ 20. Bxf3 a6 21. Rd3 Rd7 22. Rcd1 Rfd8 23. g4 h6 24. h4 Qc7 25. g5 hxg5 26. hxg5 Nh7 27. Bg4 Rf8 28. Rh3 Qd8 29. Bxe6 fxe6 30. Rxh7+ Kxh7 31. Qh4+ Kg8 32. Rd3 Rh7 33. Qg4 Qe7 34. f4 Rh5 35. Rg3 Kh8 36. Rg2 Qh7 37. Kf2 Rh4 38. Qxe6 Rhxf4+ 39. Ke2 Qh1 40. Rg3 Qh2+ 41. Kd3 Qxg3+ 42. Kd2 Rf2+ 43. Ne2 Rxe2+ 44. Kxe2 Rf2+ 45. Ke1 Qg1# 0-1


[Site "https://www.chess.com"]

[Event "Titled Tuesday Blitz May 16 Early 2023"]
[White "McCoy, Owen"]
[Black "Grigoriants, Sergey"]
[WhiteFideId "30924502"]
[BlackFideId "4130804"]
[WhiteElo "2687"]
[BlackElo "2502"]
[Result "1-0"]
[Round "04"]
[TimeControl "180+2"]
[Date "2023.05.16"]
[WhiteClock "0:00:02"]
[BlackClock "0:00:00"]

1. d4 Nf6 2. Bf4 d5 3. e3 c5 4. Nf3 Nc6 5. Nbd2 cxd4 6. exd4 Bf5 7. Bb5 e6 8. Ne5 Rc8 9. c4 Bd6 10. c5 Bb8 11. Nxc6 bxc6 12. Bxb8 Rxb8 13. Bxc6+ Kf8 14. O-O Rxb2 15. Nf3 g6 16. Qc1 Qb8 17. Qh6+ Ke7 18. Ne5 Qb4 19. Bxd5 Rc8 20. Nc6+ Rxc6 21. Bxc6 Qxd4 22. Bf3 Bd3 23. Rad1 Qc3 24. Qf4 e5 25. Qe3 e4 26. Bxe4 Nxe4 27. Rxd3 Qe5 28. c6 f5 29. Qxa7+ Kf6 30. Qd4 Qxd4 31. Rxd4 Rc2 32. a4 Rxc6 33. Ra1 Rc2 34. f3 Nc5 35. Rdd1 Nb3 36. Rab1 Nd2 37. Rbc1 Rb2 38. a5 Nb3 39. Rb1 Rxb1 40. Rxb1 Nxa5 41. Rb6+ Kg5 42. Kf2 Nc4 43. Rb7 h5 44. Rc7 Ne5 45. g3 f4 46. Rc5 Kf6 47. Ra5 fxg3+ 48. hxg3 Nc4 49. Ra6+ Kg5 50. Kg2 Ne3+ 51. Kf2 Nf5 52. Ra5 Kh6 53. g4 hxg4 54. fxg4 Nd4 55. Ke3 Ne6 56. Ke4 Ng5+ 57. Kf4 Nf7 58. Rb5 Kg7 59. Rb6 Nh6 60. Kg5 Nf7+ 61. Kf4 Nh6 62. g5 Nf7 63. Rb7 Kf8 64. Kg4 Ne5+ 65. Kf4 Nf7 66. Ra7 Ke8 67. Ra8+ Ke7 68. Ra6 Nh8 69. Rf6 Ke8 70. Ke5 Nf7+ 71. Kf4 Nh8 72. Ke4 Ke7 73. Kd5 Kd7 74. Rf8 Ke7 75. Rxh8 Kf7 76. Rh6 1-0


[Site "https://www.chess.com"]

[Event "Titled Tuesday Blitz May 16 Early 2023"]
[White "Fromm, Marius"]
[Black "Yeletsky, Ivan"]
[WhiteFideId "12993190"]
[BlackFideId "24180327"]
[WhiteElo "2325"]
[BlackElo "2380"]
[Result "0-1"]
[Round "04"]
[TimeControl "180+2"]
[Date "2023.05.16"]
[WhiteClock "0:00:01"]
[BlackClock "0:00:12"]

1. e4 Nc6 2. Nf3 e5 3. Bc4 d6 4. O-O Na5 5. Be2 c5 6. c3 Nf6 7. d4 Nc6 8. Bb5 Bd7 9. Bg5 Be7 10. dxe5 Nxe5 11. Bxd7+ Qxd7 12. Nxe5 dxe5 13. Bxf6 Bxf6 14. Qxd7+ Kxd7 15. Na3 Ke6 16. Rad1 Be7 17. Rd5 Rhd8 18. Rfd1 Rxd5 19. Rxd5 f6 20. Nc4 b5 21. Ne3 g6 22. f3 f5 23. Kf2 Rb8 24. Ke2 h5 25. h3 h4 26. Rd1 Bg5 27. Rd5 Be7 28. Rd1 c4 29. Nd5 Bd6 30. Ne3 Rb6 31. a4 Bc5 32. Nd5 Rb7 33. axb5 Rf7 34. Rf1 g5 35. Ne3 Bxe3 36. Kxe3 Rb7 37. Ra1 f4+ 38. Kd2 Rxb5 39. Ra6+ Rb6 40. Rxb6+ axb6 41. Kc2 Kd6 42. b3 cxb3+ 43. Kxb3 Kc5 44. c4 Kd4 45. Kb4 Ke3 46. Kb5 Kf2 47. Kxb6 Kxg2 48. c5 g4 49. c6 gxf3 50. c7 f2 51. c8=Q f1=Q 52. Qg4+ Kh2 53. Qxh4 f3 54. Qg5 Qg1+ 0-1


[Site "https://www.chess.com"]

[Event "Titled Tuesday Blitz May 16 Early 2023"]
[White "Sakun, Volodymyr"]
[Black "Hafiz, Arif Abdul"]
[WhiteFideId "14114062"]
[BlackFideId "7104227"]
[WhiteElo "2318"]
[BlackElo "2198"]
[Result "0-1"]
[Round "04"]
[TimeControl "180+2"]
[Date "2023.05.16"]
[WhiteClock "0:00:04"]
[BlackClock "0:00:05"]

1. d4 Nf6 2. c4 g6 3. Nc3 d5 4. Bg5 Ne4 5. Bf4 Nxc3 6. bxc3 Bg7 7. e3 O-O 8. Nf3 c5 9. Rc1 Nc6 10. cxd5 Qxd5 11. c4 Qd8 12. d5 Qa5+ 13. Qd2 Nb4 14. Be5 Qxa2 15. Qc3 Bxe5 16. Nxe5 Bf5 17. g4 f6 18. gxf5 fxe5 19. e4 Rf6 20. Qxe5 Nc2+ 21. Rxc2 Qxc2 22. Be2 Qb1+ 23. Bd1 Qb4+ 24. Kf1 Qxc4+ 25. Kg2 gxf5 26. Re1 Rf7 27. exf5 Qd4 28. Qe6 Qf6 29. Bc2 Kh8 30. Kh1 Rg8 31. Qe4 Rfg7 32. Qf3 b5 33. h3 b4 34. Re6 Qa1+ 35. Kh2 Qg1# 0-1


[Site "https://www.chess.com"]

[Event "Titled Tuesday Blitz May 16 Early 2023"]
[White "Bacrot, Etienne"]
[Black "Borgaonkar Akshay"]
[WhiteFideId "605506"]
[BlackFideId "25639110"]
[WhiteElo "2672"]
[BlackElo "2063"]
[Result "1-0"]
[Round "04"]
[TimeControl "180+2"]
[Date "2023.05.16"]
[WhiteClock "0:01:17"]
[BlackClock "0:01:33"]

1. e4 c5 2. Nf3 d6 3. Bb5+ Nd7 4. O-O Nf6 5. Re1 e6 6. c3 Be7 7. d4 cxd4 8. cxd4 O-O 9. Nc3 a6 10. Bd3 e5 11. h3 b5 12. Be3 Bb7 13. d5 Qa5 14. a3 Rfc8 15. Qd2 Bf8 16. Rec1 Qd8 17. a4 b4 18. Ne2 a5 19. Qd1 g6 20. Nd2 Ne8 21. Bb5 Bg7 22. Rxc8 Qxc8 23. Rc1 Qd8 24. Nc4 Ba6 25. Bxd7 Bxc4 26. Bxe8 Bxe2 27. Bxf7+ Kxf7 28. Qxe2 Qd7 29. Rc6 Kg8 30. Qb5 h6 31. b3 Kh7 32. Qc4 Qb7 33. Rc7 Qa6 34. Qxa6 Rxa6 35. Rc6 1-0


[Site "https://www.chess.com"]